AoeStats
← Kowalsky

Lombardia

510228779Analyzed
2v2 RM · 1d ago on Sep 30, 2026· 73m 43s· 4 players
Game mode
Random Map
Map size
Medium (4 player)
Population
200
Speed
Normal
Resources
Standard
Victory
Conquest
Starting age
Dark Age
Ending age
Imperial Age
RankedLock teamsTeams togetherTeam positionsShared explorationLock speedFull tech treeHidden civsTurbo modeCheats
Victory
Defeat
🇦🇷 Sicilians · Argentina
509
+13
🇨🇴 Franks · Colombia
477
+16
🇺🇸 Persians · United States
464
-21
🇺🇸 Bohemians · United States
439
-14
Kowalsky
0:33 Loom
13:18 Feudal Age
13:45 Horse Collar
13:54 Double-Bit Axe
18:43 Gold Mining
18:44 Stone Mining
22:47 Castle Age
25:18 Bow Saw
25:11 Heavy Plow
27:14 Scale Mail Armor
31:50 Wheelbarrow
31:11 Town Watch
32:14 Scale Mail Armor
32:22 Scale Barding Armor
32:33 Forging
32:13 Fletching
32:48 Town Patrol
33:03 Hand Cart
38:39 Imperial Age
36:46 Gold Mining
38:02 Padded Archer Armor
37:58 Bodkin Arrow
38:20 Chain Mail Armor
39:24 Gold Shaft Mining
40:08 Leather Archer Armor
39:54 Bracer
40:29 Iron Casting
40:04 Heavy Mounted Crossbowman
40:43 Cranequins
42:11 First Crusade
42:13 Conscription
41:58 Elite Serjeant
42:48 Caravan
45:35 Chemistry
49:04 Plate Mail Armor
49:35 Blast Furnace
52:32 Scale Barding Armor
52:37 Pikeman
53:04 Halberdier
55:29 Squires
55:14 Gambesons
55:16 Arson
59:05 Crop Rotation
63:58 Husbandry
64:08 Bloodlines
63:19 Cavalier
66:24 Chain Barding Armor
68:17 Plate Barding Armor
67:53 Hauberk
Willy River4
4:24 Loom
12:46 Feudal Age
16:03 Double-Bit Axe
21:32 Castle Age
21:15 Stone Mining
21:15 Gold Mining
25:00 Bow Saw
28:43 Husbandry
28:57 Forging
28:53 Scale Barding Armor
31:01 Iron Casting
33:15 Gold Shaft Mining
34:35 Chain Barding Armor
38:31 Imperial Age
47:23 Cavalier
53:29 Elite Throwing Axeman
56:14 Paladin
Squilly
8:04 Loom
10:04 Feudal Age
19:17 Castle Age
18:30 Arson
23:03 Man-at-Arms
26:32 Man-at-Arms
33:13 Imperial Age
33:23 Imperial Age
33:40 Double-Bit Axe
36:23 Murder Holes
36:42 Masonry
38:01 Elite War Elephant
39:24 Heavy Camel Rider
44:47 Parthian Tactics
51:17 Heavy Cavalry Archer
51:24 Heavy Cavalry Archer
54:10 Padded Archer Armor
54:00 Fletching
54:11 Scale Mail Armor
54:21 Forging
54:17 Scale Barding Armor
74:28 Chain Barding Armor
IKE
0:56 Loom
11:24 Feudal Age
20:19 Castle Age
22:48 Caravan
33:07 Imperial Age
31:29 Double-Bit Axe
35:21 Bow Saw
35:48 Elite Hussite Wagon
39:39 Two-Man Saw
46:35 Cavalier
48:27 Chemistry
47:49 Ballistics
47:52 Pikeman
47:53 Man-at-Arms
48:43 Wagenburg Tactics
48:44 Hussite Reforms
48:51 Scale Barding Armor
48:48 Scale Mail Armor
48:48 Padded Archer Armor
48:59 Forging
48:41 Fletching
49:46 Husbandry
49:34 Houfnice
51:58 Fortified Wall
51:47 Murder Holes
52:05 Masonry
52:01 Siege Engineers
52:03 Siphons
51:46 Arrowslits
62:15 Heavy Scorpion
63:02 Halberdier
69:27 Chain Barding Armor
69:43 Iron Casting
69:24 Chain Mail Armor
69:25 Leather Archer Armor
69:05 Bodkin Arrow
Connection lost

Rejoining the realm…

Still unreachable

The connection could not be restored.

Session expired

The server has moved on; the page needs a fresh start.